 Dungeon Crawl Stone Soup version 0.23.0 (webtiles) character file.

Game seed: 14837716371193793842

31 Gorice the Chopper (level 3, -4/29 HPs)
             Began as a Demonspawn Monk on Feb 17, 2019.
             Slain by a wyvern zombie (5 damage)
             ... on level 2 of the Dungeon.
             The game lasted 00:06:35 (1112 turns).

Gorice the Chopper (Demonspawn Monk)                Turns: 1112, Time: 00:06:36

Health: -4/29      AC:  7    Str: 17    XL:     3   Next: 7%
Magic:  0/3        EV: 10    Int: 11    God:
Gold:   104        SH:  4    Dex: 15    Spells: 2/2 levels left

rFire    . . .     SeeInvis .   a - +0 hand axe
rCold    . . .     Gourm    .   (no shield)
rNeg     . . .     Faith    .   e - +0 scale mail
rPois    .         Spirit   +   (no helmet)
rElec    .         Reflect  .   (no cloak)
rCorr    .         Harm     .   k - +0 pair of gloves
MR       .....                  (no boots)
Stlth    +.........             i - amulet of guardian spirit
HPRegen  0.09/turn              (no ring)
MPRegen  0.08/turn              (no ring)

@: mighty
A: claws 1, large bone plates 1
a: no special abilities


You were on level 2 of the Dungeon.
You were not hungry.

You visited 1 branch of the dungeon, and saw 2 of its levels.

You collected 104 gold pieces.

Inventory:

Hand Weapons
 a - a +0 hand axe (weapon)
Missiles
 g - 4 tomahawks (quivered)
 Y - 38 stones
 Z - a throwing net {!f}
Armour
 b - a +0 robe
 e - a +0 scale mail (worn)
 k - a +0 pair of gloves (worn)
Jewellery
 i - an amulet of guardian spirit (around neck)
Scrolls
 h - a scroll of fear {!r}
 l - a scroll of teleportation {!r}
 o - a scroll of enchant weapon {unknown}
Potions
 j - a potion of berserk rage {unknown}
 m - a potion of heal wounds {unknown}
 n - a potion of curing {unknown}
Comestibles
 c - a ration
 f - 3 chunks of flesh


   Skills:
 - Level 3.0 Fighting
 - Level 3.1 Axes
 + Level 1.2 Armour
 - Level 2.6 Dodging
 - Level 1.7 Stealth
 * Level 1.3 Unarmed Combat


You had 2 spell levels left.
You didn't know any spells.
Your spell library was empty.

Dungeon Overview and Level Annotations

Branches:
Dungeon (2/15)

Altars:
Ashenzari


Innate Abilities, Weirdness & Mutations

You have sharp fingernails.
You are partially covered in large bone plates. (SH +4)


Message History

Press: ? - help, Shift-Dir - straight line, f - ooze
Aim: an ooze (heavily wounded)
You throw a tomahawk.
The tomahawk hits the ooze but does no damage.
The ooze is heavily wounded.
The ooze barely misses you.
You hit the ooze.
The ooze is almost dead.
The ooze barely misses you.
You hit the ooze.
You kill the ooze!
You have reached level 3!
Your experience leads to an increase in your attributes!
Increase (S)trength, (I)ntelligence, or (D)exterity?
You feel stronger.
Your demonic ancestry asserts itself...
Large bone plates grow over parts of your arms.
You block the wyvern zombie's attack.
You hit the wyvern zombie.
The wyvern zombie is lightly damaged.
You block the wyvern zombie's attack.
You hit the wyvern zombie but do no damage.
The wyvern zombie is lightly damaged.
The wyvern zombie bites you but does no damage. x2
You hit the wyvern zombie but do no damage.
The wyvern zombie is lightly damaged.
The wyvern zombie bites you.
Damage: 3 (max 3)
You hit the wyvern zombie but do no damage.
The wyvern zombie is lightly damaged.
The wyvern zombie bites you!
The wyvern zombie bites you but does no damage.
Damage: 10 (max 10)
You barely miss the wyvern zombie.
The wyvern zombie is lightly damaged.
You block the wyvern zombie's attack. The wyvern zombie closely misses you.
You hit the wyvern zombie.
The wyvern zombie is lightly damaged.
The wyvern zombie bites you.
Damage: 2 (max 10)
You hit the wyvern zombie.
The wyvern zombie is lightly damaged.
You block the wyvern zombie's attack. The wyvern zombie bites you.
Damage: 3 (max 10)
The wyvern zombie bites you!
* * * LOW HITPOINT WARNING * * *
Damage: 11 (max 11) It was a potion of might.
You feel very mighty all of a sudden. The wyvern zombie bites you.
You die...

#.. ..# .# .. #.#.$#
#..#.##.#..# #######
#......?...#. #.....#
#.##.##.##.#.##
#.###.#### #(##.#..# #.#
#).... #.##.##.#
#.###.####
#.##.##.##.####..[..####
#.....Z@...............รท
#............#.###.#####
#.#####........# #.# #.
#........# #.. #
####[#.#..... #
#>#.###..# #.#.# ..#
#.#.# .# #.#.# #


You could see a wyvern zombie.

Vanquished Creatures
  An ooze (D:2)
  A dart slug (D:1)
  A ball python (D:1)
  3 giant cockroaches
  2 hobgoblins (D:1)
  4 bats
  2 frilled lizards
  2 goblins (D:1)
  6 kobolds
  4 rats
26 creatures vanquished.

Notes
Turn   | Place    | Note
-------+----------+-------------------------------------------
     0 | D:1      | Gorice the Demonspawn Monk began the quest for the Orb.
     0 | D:1      | Reached XP level 1. HP: 18/18 MP: 1/1
   498 | D:1      | Reached skill level 3 in Axes
   505 | D:1      | Gained mutation: You have sharp fingernails. [demonic
                  | ancestry]
   505 | D:1      | Reached XP level 2. HP: 24/24 MP: 2/2
   801 | D:1      | Reached skill level 1 in Armour
   920 | D:2      | Found a shattered altar of Ashenzari.
  1012 | D:2      | Reached skill level 1 in Unarmed Combat
  1101 | D:2      | Gained mutation: You are partially covered in large bone
                  | plates. (SH +4) [demonic ancestry]
  1101 | D:2      | Reached XP level 3. HP: 29/29 MP: 1/3
  1111 | D:2      | HP: 1/29 [wyvern zombie (11)]
  1112 | D:2      | Slain by a wyvern zombie

Skill      XL: |  1  2 |
---------------+-------+-----
Axes           | 3 |  3.1
Armour         | 1 |  1.2
Unarmed Combat | 1 |  1.3
Fighting       | |  3.0
Dodging        | |  2.6
Stealth        | |  1.7

Action                   || total
-------------------------++-------
Melee: Hand axe          ||    79
Throw: Tomahawk          ||     1
  Use: Scroll            ||     3
       Potion            ||     1
  Eat: Chunk             ||     1
Armor: Scale mail        ||    35
Dodge: Dodged            ||    47
Block: Other             ||     4

Table legend:
 A = Turns spent in this place as a percentage of turns spent in the entire game.
 B = Non-inter-level travel turns spent in this place as a percentage of non-inter-level travel turns spent in the entire game.
 C = Inter-level travel turns spent in this place as a percentage of turns spent in this place.
 D = Turns resting spent in this place as a percentage of non-inter-level travel turns spent in this place.
 E = Turns spent auto-exploring this place as a percentage of non-inter-level travel turns spent in this place.
 F = Non-inter-level travel turns spent in this place divided by the number of levels of this place that you've seen.
                   A       B       C       D       E      F
               +-------+-------+-------+-------+-------+----------------------
         Total | 100.0 | 100.0 |   2.2 |   0.6 |  68.2 | 544.0
       Dungeon | 100.0 | 100.0 |   2.2 |   0.6 |  68.2 | 544.0
               +-------+-------+-------+-------+-------+----------------------

Levels and vault maps discovered:
D:1:      evilmike_arrival_plus, layout_basic, serial_co_window_serial,
          co_window_paths_b, co_window_paths_b, co_window_corner_a,
          co_window_of_opportunity_a, co_window_paths_a, co_window_broadway_c,
          co_window_of_opportunity_b, co_window_unsneaky_path_b, co_window_sun,
          co_window_paths_d, glass_columns_b, st_stairs_5
D:2:      layout_loops_ring, lemuel_doored_altar
